Map: Triton EC

Players

ShaDoWn - Winner!

  • Race: Protoss Protoss
  • Spawn Location: 5:00

niceusername

  • Race: Terran Terran
  • Spawn Location: 11:00

VOD

Have the link to the VOD?

Description

Time

  • Played on: Sept. 6, 2019, 12:36 p.m.
  • Length: 6:26
Show
View Real Time Build Order
Export as new Build Order

ShaDoWn Protoss - Winner!

Build Orders: 1 Gate Expand, Blink Stalkers, Colossus Rush 

Get SALT Encoding   

  12  0:00  Probe  
  13  0:12  Probe  
  14  0:16  Pylon  
  14  0:23  Probe  
  15  0:31  Probe  
  15  0:36  Gateway  
  15  0:40  Probe  
  16  0:46  Assimilator  
  17  0:51  Probe  
  18  1:03  Probe  
  19  1:15  Probe  
  20  1:22  Nexus  
  20  1:31  Cybernetics Core  
  20  1:34  Probe  
  20  1:39  Assimilator  
  21  1:47  Probe  
  22  1:51  Pylon  
  21  1:59  Probe, Adept  
  22  2:08  Warp Gate  
  22  2:11  Probe  
  25  2:23  Probe  
  25  2:29  Stalker  
  28  2:30  Probe, Twilight Council  
  28  2:31  Probe  
  30  2:38  Probe  
  30  2:39  Probe  
  32  2:48  Probe  
  32  2:49  Probe  
  34  3:00  Probe  
  34  3:01  Probe  
  34  3:03  Blink  
  36  3:12  Probe  
  36  3:13  Probe  
  38  3:20  Robotics Facility  
  38  3:22  Probe  
  38  3:24  Stalker  
  38  3:25  Probe  
  42  3:28  Pylon  
  42  3:30  Probe  
  42  3:38  Probe  
  42  3:39  Probe  
  44  3:47  Probe  
  45  3:48  Gateway  
  45  3:49  Gateway  
  45  3:50  Probe  
  45  3:55  Probe  
  47  3:57  Pylon, Assimilator  
  47  4:00  Assimilator  
  47  4:02  Probe  
  49  4:04  Stalker  
  49  4:05  Probe  
  49  4:07  Observer  
  53  4:12  Pylon  
  53  4:14  Probe  
  54  4:19  Robotics Bay  
  54  4:21  Forge  
  54  4:27  Stalker  
  54  4:28  Pylon  
  56  4:32  Observer  
  57  4:44  Stalker x2  
  61  4:48  Nexus  
  61  4:57  Pylon  
  61  4:58  Probe  
  61  4:59  Probe  
  63  5:00  Pylon  
  63  5:08  Colossus  
  63  5:10  Probe  
  63  5:11  Probe  
  61  5:15  Stalker x3  
  73  5:33  Probe  
  74  5:39  Stalker x3  
  74  5:40  Probe  
  81  5:45  Probe  
  82  5:52  Probe  
  83  6:04  Probe  
  84  6:10  Probe  
  85  6:11  Stalker x3  
  85  6:13  Probe  
Show
View Real Time Build Order
Export as new Build Order

niceusername Terran 

Build Orders:  

Get SALT Encoding   

  12  0:00  SCV  
  13  0:12  SCV  
  14  0:17  Supply Depot  
  14  0:24  SCV  
  15  0:38  SCV  
  15  0:40  Barracks  
  16  0:45  Refinery  
  16  0:50  SCV  
  17  1:02  SCV  
  18  1:15  SCV  
  19  1:29  Orbital Command  
  19  1:30  Marine  
  20  1:33  Supply Depot  
  20  1:53  Command Center  
  20  2:01  Factory  
  20  2:03  SCV  
  20  2:07  Barracks Reactor  
  21  2:15  SCV  
  22  2:24  Bunker  
  22  2:27  SCV  
  23  2:31  Supply Depot  
  23  2:39  SCV  
  23  2:41  Barracks  
  24  2:51  SCV  
  24  2:56  Starport  
  24  2:58  Refinery  
  25  3:03  SCV  
  26  3:09  Widow Mine x2  
  29  3:13  Marine  
  29  3:16  SCV  
  31  3:28  SCV  
  31  3:29  Orbital Command  
  32  3:37  Medivac  
  32  3:40  SCV  
  37  3:45  Marine  
  38  3:50  Widow Mine x2  
  38  3:52  SCV  
  41  3:55  Barracks Tech Lab  
  41  3:57  SCV  
  42  4:04  SCV  
  43  4:10  SCV  
  43  4:16  SCV  
  45  4:19  Marine  
  45  4:21  Marauder, Stimpack  
  45  4:22  SCV  
  49  4:26  Supply Depot, Factory Tech Lab  
  49  4:28  SCV  
  49  4:29  Barracks  
  49  4:31  Medivac  
  52  4:34  SCV  
  52  4:37  Supply Depot, Marine  
  54  4:48  SCV, Marine  
  56  4:55  Marine  
  56  4:56  SCV  
  56  5:00  SCV  
  56  5:06  Marine  
  58  5:08  SCV  
  58  5:11  Command Center  
  57  5:15  Barracks  
  57  5:18  SCV  
  57  5:20  SCV  
  55  5:22  Starport  
  55  5:25  Barracks Reactor  
  55  5:26  Barracks Tech Lab  
  55  5:29  Marine  
  55  5:30  SCV  
  55  5:35  Engineering Bay  
  57  5:37  SCV  
  57  5:38  Engineering Bay  
  57  5:41  Refinery  
  58  5:43  Refinery  
  58  5:44  Siege Tank  
  58  5:46  Medivac, Marine, SCV  
Tags
 
Composition
Blink Stalkers
Matchup
PvT
Player
ShaDoWn
Spawn Locations
Cross Positions
Add a new tag
Caveats
  • Supply blocks, unpowered buildings, or Contaminate may cause inaccurate times.
  • Supply counts are checked every 10 seconds.